 Dungeon Crawl Stone Soup version 0.23-a0-126-g19e28b4 (webtiles) character file.

599 nikopol the Magician (level 7, -2/36 HPs)
             Began as a Deep Elf Fire Elementalist on Aug 26, 2018.
             Was a Follower of Vehumet.
             Slain by an iguana (13 damage)
             ... on level 5 of the Dungeon.
             The game lasted 00:13:38 (4291 turns).

nikopol the Magician (Deep Elf Fire Elementalist)   Turns: 4291, Time: 00:13:39

Health: -2/36      AC:  2    Str:  5    XL:     7   Next: 17%
Magic:  16/19      EV: 13    Int: 22    God:    Vehumet [*.....]
Gold:   272        SH:  0    Dex: 15    Spells: 5/20 levels left

rFire    . . .     SeeInvis .   (no weapon)
rCold    . . .     Gourm    .   (no shield)
rNeg     . . .     Faith    .   a - +0 robe
rPois    .         Spirit   .   (no helmet)
rElec    .         Reflect  .   (no cloak)
rCorr    .         Harm     .   (no gloves)
MR       .....                  (no boots)
Stlth    +++.......             (no amulet)
HPRegen  0.12/turn              (no ring)
MPRegen  0.16/turn              (no ring)

@: no status effects
A: no striking features
a: Renounce Religion


You were on level 5 of the Dungeon.
You worshipped Vehumet.
Vehumet was aware of your devotion.
You were not hungry.

You visited 1 branch of the dungeon, and saw 5 of its levels.

You collected 272 gold pieces.

Inventory:

Armour
 a - a +0 robe (worn)
Jewellery
 l - an uncursed ring of stealth {unknown}
Scrolls
 d - 2 scrolls of amnesia {unknown}
 e - 2 scrolls of enchant armour {unknown}
 f - 3 scrolls of fear {unknown}
 g - a scroll of magic mapping {unknown}
 h - 3 scrolls of identify {unknown}
 k - a scroll of random uselessness {unknown}
 m - 4 scrolls of remove curse {unknown}
 n - a scroll of blinking {unknown}
 r - a scroll of teleportation {unknown}
Potions
 b - a potion of berserk rage {unknown}
 i - 2 potions of lignification {unknown}
 j - 2 potions of heal wounds {unknown}
 o - 2 potions of curing {unknown}
 p - a potion of brilliance {unknown}
 q - a potion of agility {unknown}
 s - a potion of cancellation {unknown}
 t - a potion of degeneration {unknown}
 u - a potion of haste {unknown}
Comestibles
 c - 11 rations
 v - 2 chunks of flesh


   Skills:
 + Level 0.1 Fighting
 + Level 3.0 Dodging
 + Level 3.9 Stealth
 + Level 7.0 Spellcasting
 + Level 3.7 Conjurations
 + Level 5.4 Fire Magic


You had 5 spell levels left.
You knew the following spells:

 Your Spells              Type           Power        Failure   Level  Hunger
a - Flame Tongue          Conj/Fire      ####.        1%          1    None
b - Throw Flame           Conj/Fire      ####..       1%          2    None
c - Conjure Flame         Conj/Fire      ####....     3%          3    None
d - Sticky Flame          Conj/Fire      ####....     12%         4    ###....
e - Fireball              Conj/Fire      ####......   34%         5    #####..

Your spell library contained the following spells:

 Spells                   Type           Power        Failure   Level  Hunger
 Magic Dart               Conj           ###.         1%          1    None
 Inner Flame              Hex/Fire       ###.....     9%          3    None


Dungeon Overview and Level Annotations

Branches:
Dungeon (5/15)             Temple (0/1) D:4

Altars:
Cheibriados
Okawaru
Trog
Vehumet
Yredelemnul

Shops:
D:4 [[[*[


Message History

The flame tongue hits the iguana.
The iguana is lightly wounded.
The iguana bites you!
Casting: Flame Tongue (safe; 1% risk of failure)
Confirm with . or Enter, or press ? or * to list all spells.
Aiming: Flame Tongue (safe; 1% risk of failure)
Press: ? - help, Shift-Dir - straight line, f/p - iguana
Aim: an iguana (lightly wounded)
The flame tongue hits the iguana.
The iguana is moderately wounded.
The iguana bites you!
Casting: Flame Tongue (safe; 1% risk of failure)
Confirm with . or Enter, or press ? or * to list all spells.
Aiming: Flame Tongue (safe; 1% risk of failure)
Press: ? - help, Shift-Dir - straight line, f/p - iguana
Aim: an iguana (moderately wounded)
The flame tongue hits the iguana.
The iguana is heavily wounded.
The iguana bites you!
You die...

#...........#####.##
+...........+.......
#......)....########
#...........########
#...........')))....
#.......[...########
#########'### #.....
...###### #.# #.....
......l@# #.# #.....
########'#####.# #.....
#...........##.# #.....
#...........##.#####.....
#...........##........###
#.....................#
#.....................#
#.....................###
####'#####+#..........##.


You could see an iguana.

Vanquished Creatures
  A necrophage (D:4)
  A howler monkey (D:5)
  A hound (D:5)
  2 orc priests
  2 iguanas
  Jessica (D:2)
  5 worker ants
  3 gnolls (D:2)
  5 adders
  A howler monkey skeleton (D:4)
  An ooze (D:2)
  An adder skeleton (D:4)
  3 worms
  2 leopard geckos
  12 orcs
  4 giant cockroaches
  13 hobgoblins
  7 kobolds
  2 quokkas
  3 bats (D:2)
  7 frilled lizards
  3 goblins
  A leopard gecko zombie (D:5)
  7 rats
88 creatures vanquished.

Notes
Turn   | Place    | Note
-------+----------+-------------------------------------------
     0 | D:1      | nikopol the Deep Elf Fire Elementalist began the quest for
                  | the Orb.
     0 | D:1      | Reached XP level 1. HP: 10/10 MP: 6/6
   266 | D:1      | Reached XP level 2. HP: 15/15 MP: 5/8
   857 | D:2      | Reached XP level 3. HP: 19/19 MP: 8/10
   861 | D:2      | Learned a level 2 spell: Throw Flame
   865 | D:2      | Learned a level 3 spell: Conjure Flame
  1039 | D:2      | Noticed Jessica
  1047 | D:2      | Killed Jessica
  1047 | D:2      | Reached skill level 4 in Spellcasting
  1047 | D:2      | Reached XP level 4. HP: 23/24 MP: 7/12
  1510 | D:3      | Reached XP level 5. HP: 18/28 MP: 8/14
  1773 | D:3      | Found a radiant altar of Vehumet.
  1785 | D:3      | Became a worshipper of Vehumet
  2184 | D:3      | Found a snail-covered altar of Cheibriados.
  2471 | D:3      | Learned a level 4 spell: Sticky Flame
  2690 | D:4      | Reached skill level 5 in Spellcasting
  2702 | D:4      | Found a staircase to the Ecumenical Temple.
  2724 | D:4      | Found Deckio's Antique Armour Shop.
  2756 | D:4      | Found Hyqorry's Armour Shoppe.
  2846 | D:4      | Noticed a necrophage
  2857 | D:4      | Killed a necrophage
  2857 | D:4      | Reached skill level 6 in Spellcasting
  2857 | D:4      | Reached XP level 6. HP: 32/32 MP: 4/17
  2864 | D:4      | Learned a level 5 spell: Fireball
  2946 | D:4      | Found a bloodstained altar of Trog.
  2947 | D:4      | Found a basalt altar of Yredelemnul.
  3103 | D:4      | Found Vamnosiu's Antique Armour Emporium.
  3172 | D:4      | Found an iron altar of Okawaru.
  3210 | D:4      | Found Duogik's Antique Armour Emporium.
  3212 | D:4      | Reached skill level 5 in Fire Magic
  3315 | D:4      | Found Joataf's Assorted Antiques.
  3838 | D:5      | Entered Level 5 of the Dungeon
  3999 | D:5      | Reached * piety under Vehumet
  3999 | D:5      | Offered knowledge of Magic Dart by Vehumet.
  4067 | D:5      | Reached XP level 7. HP: 30/36 MP: 8/19
  4144 | D:5      | Reached skill level 7 in Spellcasting
  4291 | D:5      | Slain by an iguana

Vault maps used:
D:1:      dpeg_arrival_tiny_g
D:2:      uniq_jessica
D:3:      cheibriados_altar_1, nicolae_overflow_crystal_walls,
          kennysheep_generic_room_3
D:4:      gammafunk_temple_overflow_pools, temple_pool_b, serial_shops,
          nicolae_shop_crystal, nicolae_shop_crystal, kennysheep_little_box,
          nicolae_shop_trees, nicolae_shop_crystal, okawaru_trees_2
D:5:      first_ration

Skill      XL: |  1  2  3  4  5  6  7 |
---------------+----------------------+-----
Fire Magic     | 4 5 |  5.4
Spellcasting   | 4 6 7 |  7.0
Conjurations   | 2 3 |  3.7
Stealth        | 3 |  3.9
Dodging        | 3 |  3.0
Fighting       | |  0.1

Action                   |  1- 3 |  4- 6 |  7- 9 || total
-------------------------+-------+-------+-------++-------
Melee: Unarmed           |       |       |     1 ||     1
 Cast: Flame Tongue      |    58 |   139 |    10 ||   207
       Conjure Flame     |       |     3 |       ||     3
       Sticky Flame      |       |     1 |     1 ||     2
  Eat: Chunk             |       |     8 |       ||     8
       Ration            |       |       |     1 ||     1
Armor: Robe              |     2 |     1 |     1 ||     4
Dodge: Dodged            |    11 |    29 |     3 ||    43

Table legend:
 A = Non-vault XP
 B = Vault XP
 C = Vault XP percentage of total XP
 D = Non-vault monster count
 E = Vault monster count
 F = Vault count percentage of total count
                 A         B        C        D         E       F
            +---------+---------+-------+---------+---------+-------
      Total |     819 |      37 |   4.3 |      87 |       1 |   1.1
            +---------+---------+-------+---------+---------+-------
        D:1 |      20 |       0 |   0.0 |      13 |       0 |   0.0
        D:2 |     122 |      37 |  23.3 |      25 |       1 |   3.8
        D:3 |      78 |       0 |   0.0 |      25 |       0 |   0.0
        D:4 |     374 |       0 |   0.0 |      14 |       0 |   0.0
        D:5 |     225 |       0 |   0.0 |      10 |       0 |   0.0
            +---------+---------+-------+---------+---------+-------
